AoeStats
← |GaoeG| flamingo

Arena

509696991Analyzed
2v2 RM · 4d ago on Sep 27, 2026· 61m 50s· 4 players
Game mode
Random Map
Map size
Medium (4 player)
Population
200
Speed
Normal
Resources
Standard
Victory
Conquest
Starting age
Dark Age
Ending age
Imperial Age
RankedLock teamsTeams togetherTeam positionsShared explorationLock speedFull tech treeHidden civsTurbo modeCheats
Victory
Defeat
🇿🇦 Mongols · South Africa
1029
+16
🇧🇪 Maya · Belgium
1020
+17
🇪🇸 Spanish · Spain
1247
-25
🇪🇸 Franks · Spain
824
-8
Avdp
0:32 Loom
12:42 Feudal Age
13:20 Double-Bit Axe
13:19 Horse Collar
21:17 Castle Age
19:22 Scale Mail Armor
19:32 Forging
22:28 Eagle Warrior
24:02 Wheelbarrow
26:54 Hand Cart
28:06 Bow Saw
28:20 Heavy Plow
30:25 Chain Mail Armor
30:48 Iron Casting
34:20 Imperial Age
32:14 Town Watch
32:22 Arson
32:38 Squires
31:58 Pikeman
34:01 Padded Archer Armor
33:51 Fletching
35:41 Holcans
35:16 Town Patrol
35:49 Plate Mail Armor
35:19 Elite Eagle Warrior
37:48 Two-Man Saw
44:21 Blast Furnace
43:16 Bodkin Arrow
43:39 Leather Archer Armor
43:55 Halberdier
48:31 Crop Rotation
50:45 Gold Mining
52:23 Ballistics
53:03 Chemistry
51:59 Murder Holes
52:14 Fortified Wall
52:30 Ballistics
53:11 Chemistry
52:06 Murder Holes
58:55 Ring Archer Armor
58:25 Bracer
GreenBeret
11:01 Feudal Age
12:39 Wheelbarrow
14:51 Castle Age
13:08 Double-Bit Axe
13:06 Horse Collar
14:47 Forging
19:39 Bloodlines
22:45 Scale Barding Armor
23:15 Bow Saw
23:19 Heavy Plow
26:12 Fortified Wall
27:14 Chain Barding Armor
26:45 Light Cavalry
28:01 Hand Cart
28:35 Gold Mining
29:54 Fletching
30:40 Iron Casting
30:15 Elite Skirmisher
31:27 Bodkin Arrow
33:28 Padded Archer Armor
42:09 Imperial Age
40:21 Leather Archer Armor
41:39 Ballistics
42:47 Gold Shaft Mining
42:07 Stone Mining
42:21 Elite Mangudai
44:05 Chemistry
42:50 Heavy Camel Rider
43:32 Husbandry
43:32 Hussar
44:30 Thumb Ring
44:55 Parthian Tactics
45:30 Bracer
45:41 Murder Holes
49:17 Capped Ram
50:48 Siege Ram
55:42 Masonry
57:00 Blast Furnace
56:01 Scale Mail Armor
59:39 Stone Shaft Mining
60:35 Drill
61:55 Chain Mail Armor
61:09 Man-at-Arms
claran33
11:02 Feudal Age
11:45 Feudal Age
15:19 Wheelbarrow
19:39 Castle Age
20:39 Wheelbarrow
19:56 Gold Mining
19:59 Stone Mining
19:57 Double-Bit Axe
21:37 Bow Saw
23:11 Scale Barding Armor
25:30 Hand Cart
27:53 Forging
28:24 Loom
29:10 Chain Barding Armor
34:31 Imperial Age
33:57 Iron Casting
34:41 Cavalier
36:46 Plate Barding Armor
35:54 Cavalier
38:17 Blast Furnace
56:23 Light Cavalry
|GaoeG| flamingo
11:11 Feudal Age
14:53 Castle Age
13:12 Double-Bit Axe
13:41 Horse Collar
16:17 Loom
18:02 Bow Saw
17:56 Heavy Plow
25:15 Town Watch
26:05 Wheelbarrow
28:13 Padded Archer Armor
28:18 Gold Mining
32:25 Imperial Age
30:11 Hand Cart
32:21 Town Patrol
33:05 Stone Mining
33:26 Scale Barding Armor
33:32 Forging
33:41 Bloodlines
33:32 Husbandry
32:53 Cavalier
34:09 Conscription
34:28 Chain Barding Armor
34:24 Forging
34:26 Paladin
37:19 Plate Barding Armor
37:23 Iron Casting
37:05 Leather Archer Armor
39:27 Chemistry
39:34 Blast Furnace
39:45 Ring Archer Armor
39:26 Elite Conquistador
42:10 Supremacy
42:38 Fletching
52:19 Light Cavalry
54:23 Hussar
Connection lost

Rejoining the realm…

Still unreachable

The connection could not be restored.

Session expired

The server has moved on; the page needs a fresh start.